 Dungeon Crawl Stone Soup version 0.18-a0-1683-gf9322e6 (webtiles) character file.

1 Gorice the Stinger (level 1, 0/13 HPs)
             Began as a Demonspawn Venom Mage on Apr 3, 2016.
             Slain by a kobold
             ... wielding a +2 dagger of holy wrath
              (2 damage)
             ... on level 1 of the Dungeon.
             The game lasted 00:00:27 (18 turns).

Gorice the Stinger (Demonspawn Venom Mage)            Turns: 18, Time: 00:00:27

Health: 0/13       AC:  2    Str:  8    XL:     1   Next: 16%
Magic:  1/3        EV: 12    Int: 16    God:
Gold:   0          SH:  0    Dex: 13    Spells: 1 memorised, 3 levels left

rFire  . . .     SeeInvis .     (no weapon)
rCold  . . .     Gourm    .     a - +0 robe
rNeg   . . .     Faith    .     (no shield)
rPois  .         Spirit   .     (no helmet)
rElec  .         Dismiss  .     (no cloak)
rCorr  .         Reflect  .     (no gloves)
SustAt .         Harm     .     (no boots)
MR     .....                    (no amulet)
Stlth  ++........               (no ring)
                                (no ring)

@: not resistant to hostile enchantments, unstealthy
A: no striking features
a: no special abilities


You were on level 1 of the Dungeon.
You were not hungry.

You visited 1 branch of the dungeon, and saw 1 of its levels.

Inventory:

Armour
 a - a +0 robe (worn)
Books
 b - a Young Poisoner's Handbook
Comestibles
 c - a bread ration {!e}


   Skills:
 - Level 1.7 Dodging
 - Level 1.7 Stealth
 - Level 2.0 Spellcasting
 * Level 0.4 Conjurations
 - Level 4.0 Poison Magic


You had 3 spell levels left.
You knew the following spells:

 Your Spells              Type           Power        Failure   Level  Hunger
a - Sting                 Conj/Pois      #...         10%         1    #......


Dungeon Overview and Level Annotations

Branches:
Dungeon (1/15)

Altars:


Message History

A kobold comes into view. It is wielding a dagger of holy wrath.
The kobold shouts!
A goblin comes into view. It is wielding a dagger.
The kobold throws a stone.
The stone completely misses you.
There is an open door here.
The kobold throws a stone.
The stone closely misses you.
You see here a stone.
Casting: Sting
Confirm with . or Enter, or press ? or * to list all spells.
Aiming: Sting
Press: ? - help, Shift-Dir - straight line, f - kobold
Aim: a kobold, wielding a dagger of holy wrath The sting hits the goblin.
The goblin is poisoned.
The goblin is heavily wounded.
The goblin misses you.
You hit the goblin but do no damage.
The goblin is severely wounded.
You kill the goblin!
The kobold throws a stone.
The stone hits you but does no damage.
Casting: Sting
Confirm with . or Enter, or press ? or * to list all spells.
Aiming: Sting
Press: ? - help, Shift-Dir - straight line, f/p - kobold
Aim: a kobold, wielding a dagger of holy wrath The sting misses the kobold.
The kobold throws a stone.
The stone misses you.
Casting: Sting
Confirm with . or Enter, or press ? or * to list all spells.
Aiming: Sting
Press: ? - help, Shift-Dir - straight line, f/p - kobold
Aim: a kobold, wielding a dagger of holy wrath The sting hits the kobold.
The kobold appears unharmed.
The kobold throws a stone.
The stone barely misses you. The kobold closely misses you.
You closely miss the kobold. The kobold hits you but does no damage.
You barely miss the kobold.
The kobold hits you with a dagger of holy wrath.
You convulse.
Damage: 4 (max 4)
You barely miss the kobold.
The kobold hits you with a dagger of holy wrath.
You convulse.
Damage: 2 (max 4)
You closely miss the kobold. The kobold hits you but does no damage.
You closely miss the kobold. The kobold barely misses you.
You hit the kobold.
The kobold is heavily wounded.
The kobold hits you with a dagger of holy wrath.
* * * LOW HITPOINT WARNING * * *
You convulse.
You die...

### ...
..###
###+#....#
#@#.K..⌠
#K#..#
#().#
#.#..#
#<#....⌠
###+#....#
..### ...
###


You could see a kobold.

Vanquished Creatures
  A goblin (D:1)
1 creature vanquished.

Notes
Turn   | Place    | Note
--------------------------------------------------------------
     0 | D:1      | Gorice the Demonspawn Venom Mage began the quest for the Orb.
     0 | D:1      | Reached XP level 1. HP: 13/13 MP: 3/3
    18 | D:1      | HP: 2/13 [kobold/dagger of holy wrath (5)]
    18 | D:1      | Slain by a kobold

Vault maps used:
D:1:      dpeg_arrival_court, minmay_misc_feat_plants, interstate_on_off

Action                   || total
-------------------------++-------
Melee: Unarmed           ||     7
 Cast: Sting             ||     3

Table legend:
 A = Turns spent in this place as a percentage of turns spent in the entire game.
 B = Non-inter-level travel turns spent in this place as a percentage of non-inter-level travel turns spent in the entire game.
 C = Inter-level travel turns spent in this place as a percentage of turns spent in this place.
 D = Turns resting spent in this place as a percentage of non-inter-level travel turns spent in this place.
 E = Turns spent auto-exploring this place as a percentage of non-inter-level travel turns spent in this place.
 F = Non-inter-level travel turns spent in this place divided by the number of levels of this place that you've seen.
                   A       B       C       D       E      F
               +-------+-------+-------+-------+-------+----------------------
         Total | 100.0 | 100.0 |   0.0 |   0.0 |   0.0 |  20.0
       Dungeon | 100.0 | 100.0 |   0.0 |   0.0 |   0.0 |  20.0
               +-------+-------+-------+-------+-------+----------------------

Vault maps used:
D:1:      dpeg_arrival_court, minmay_misc_feat_plants, interstate_on_off
